 Dungeon Crawl Stone Soup version 0.20.1-1-g8b1a95d (webtiles) character file.

75 KoningWillie the Magician (level 4, -2/24 HPs)
             Began as a Deep Elf Wizard on Oct 9, 2017.
             Killed from afar by an orc wizard (8 damage)
             ... with a puff of flame
             ... on level 3 of the Dungeon.
             The game lasted 00:07:36 (2808 turns).

KoningWillie the Magician (Deep Elf Wizard)         Turns: 2808, Time: 00:07:37

Health: -2/24      AC:  3    Str:  3 (4)  XL:     4   Next: 11%
Magic:  4/13       EV: 13    Int: 23 (24) God:
Gold:   164        SH:  0    Dex: 11 (13) Spells: 9/14 levels left

rFire    . . .     SeeInvis .   m - +0 dagger (drain)
rCold    . . .     Gourm    .   (no shield)
rNeg     . . .     Faith    .   a - +0 robe
rPois    .         Spirit   .   f - +0 helmet
rElec    .         Reflect  .   (no cloak)
rCorr    .         Harm     .   (no gloves)
MR       .....                  (no boots)
Stlth    ++........             (no amulet)
Regen    0.1/turn               (no ring)
MPRegen  0.2/turn               (no ring)

@: very slightly contaminated
A: no striking features
a: no special abilities


You were on level 3 of the Dungeon.
You were not hungry.

You visited 1 branch of the dungeon, and saw 3 of its levels.

You collected 164 gold pieces.

Inventory:

Hand Weapons
 m - a +0 dagger of draining (weapon)
Armour
 a - a +0 robe (worn)
 b - a +0 hat
 f - a +0 helmet (worn)
Scrolls
 e - a scroll of fog {unknown}
 i - 3 scrolls of remove curse
 p - 3 scrolls of identify
Potions
 l - a potion of invisibility
Books
 c - a book of Minor Magic

   Spells                             Type                      Level
   a - Magic Dart                     Conjuration                  1
   b - Blink                          Translocation                2
   c - Call Imp                       Summoning                    2
   d - Slow                           Hexes                        2
   e - Conjure Flame                  Conjuration/Fire             3
   f - Mephitic Cloud                 Conjuration/Poison/Air       3
Comestibles
 g - a royal jelly


   Skills:
 - Level 0.1 Fighting
 + Level 3.2 Dodging
 + Level 2.5 Stealth
 + Level 5.5 Spellcasting
 + Level 1.7 Conjurations
 * Level 2.2 Summonings
 + Level 1.1 Translocations


You had 9 spell levels left.
You knew the following spells:

 Your Spells              Type           Power        Failure   Level  Hunger
a - Magic Dart            Conj           ##..         4%          1    None
b - Blink                 Tloc           N/A          9%          2    None
c - Call Imp              Summ           ###.....     5%          2    None


Dungeon Overview and Level Annotations

Branches:
Dungeon (3/15)

Altars:


Message History

Your crimson imp misses something.
Something hits your crimson imp but does no damage.
Your crimson imp closely misses something.
Something hits your crimson imp but does no damage.
Your crimson imp hits something but does no damage.
Something misses your crimson imp.
Your crimson imp barely misses something.
Something closely misses your crimson imp.
Your crimson imp closely misses something.
Something completely misses your crimson imp.
Your crimson imp disappears in a puff of smoke!
Something hits you but does no damage. Something hits you but does no damage.
Something hits you. Something hits you.
* * * LOW HITPOINT WARNING * * *
You hear some strange, mumbled words.
A puff of flame appears from out of thin air!
The puff of flame hits you!
You die...

... #.# #.## ...
#.######..####
##+#............#
#......#####.##.#
#......# ####.#
.. #......# ###
... #......##
....###......'#
........@....##
#####..{....#
#.......#
####....# #.).##
###).....#
#......# #.##.P.#
..# ♣..#


There were no monsters in sight!

Vanquished Creatures
  2 adders (D:2)
  A worm (D:2)
  A leopard gecko (D:3)
  2 ball pythons
  8 bats
  A giant cockroach (D:1)
  4 goblins
  4 hobgoblins
  3 jackals (D:3)
  3 frilled lizards
  5 kobolds
  3 rats
37 creatures vanquished.

Vanquished Creatures (collateral kills)
  An adder (D:2)
  2 worms (D:2)
  2 orcs (D:3)
  A goblin (D:2)
  2 hobgoblins (D:2)
  3 jackals (D:2)
  A kobold (D:1)
12 creatures vanquished.

Grand Total: 49 creatures vanquished

Notes
Turn   | Place    | Note
-------+----------+-------------------------------------------
     0 | D:1      | KoningWillie the Deep Elf Wizard began the quest for the Orb.
     0 | D:1      | Reached XP level 1. HP: 10/10 MP: 7/7
   409 | D:1      | Reached XP level 2. HP: 6/15 MP: 9/9
   739 | D:1      | Learned a level 2 spell: Blink
   742 | D:1      | Learned a level 2 spell: Call Imp
  1337 | D:2      | Reached skill level 5 in Spellcasting
  1615 | D:2      | Reached XP level 3. HP: 19/19 MP: 6/11
  2671 | D:3      | Reached XP level 4. HP: 24/24 MP: 8/13
  2808 | D:3      | Killed from afar by an orc wizard

Skill      XL: |  1  2  3 |
---------------+----------+-----
Spellcasting   | 5 |  5.5
Dodging        | 3 |  3.2
Summonings     | 2 |  2.2
Fighting       | |  0.1
Stealth        | |  2.5
Conjurations   | |  1.7
Translocations | |  1.1

Action                   |  1- 3 |  4- 6 || total
-------------------------+-------+-------++-------
Melee: Spear             |    75 |       ||    75
       Dagger            |     2 |     4 ||     6
 Cast: Magic Dart        |    65 |    12 ||    77
       Call Imp          |    11 |     4 ||    15
  Use: Scroll            |     4 |       ||     4
       Potion            |     4 |       ||     4
 Stab: Sleeping          |     1 |       ||     1
  Eat: Meat ration       |     1 |       ||     1
       Bread ration      |       |     1 ||     1
Armor: Robe              |    39 |     8 ||    47
Dodge: Dodged            |   107 |     2 ||   109
